 Dungeon Crawl Stone Soup version 0.21-a0-150-gc243083 (webtiles) character file.

574 Chaoticas the Reanimator (level 7, -3/55 HPs)
             Began as a Deep Dwarf Necromancer on July 27, 2017.
             Killed from afar by a jackal (9 damage)
             ... with an exploding inner flame
             ... hexed by the player character
             ... on level 3 of the Dungeon on July 28, 2017.
             The game lasted 00:28:33 (5854 turns).

Chaoticas the Reanimator (Deep Dwarf Necromancer)   Turns: 5854, Time: 00:28:33

Health: -3/55      AC:  4    Str: 11    XL:     7   Next: 12%
Magic:  5/13       EV: 12    Int: 18    God:
Gold:   219        SH:  0    Dex: 13    Spells: 5/14 levels left

rFire    + . .     SeeInvis .   y - +3 short sword (venom)
rCold    + . .     Gourm    +   (no shield)
rNeg     + . .     Faith    .   r - +1 robe {rC+ rF+}
rPois    +         Spirit   .   f - +0 helmet
rElec    .         Reflect  .   (no cloak)
rCorr    .         Harm     .   (no gloves)
MR       +....                  (no boots)
Stlth    ++........             B - amulet of the gourmand
HPRegen  0.00/turn              d - ring of poison resistance
MPRegen  0.13/turn              t - ring of positive energy

@: very slightly contaminated, non-regenerating
A: damage resistance, heal wounds, sense surroundings 1, no regeneration
a: Heal Wounds


You were on level 3 of the Dungeon.
You were not hungry.

You visited 1 branch of the dungeon, and saw 4 of its levels.

You collected 219 gold pieces.

Inventory:

Hand Weapons
 y - a +3 short sword of venom (weapon)
   (You took it off a kobold on level 3 of the Dungeon)
Missiles
 l - 59 sling bullets
 x - 2 tomahawks (quivered)
Armour
 a - a +0 robe
 f - a +0 helmet (worn)
   (You found it on level 1 of the Dungeon)
 g - a +0 ring mail
   (You found it on level 1 of the Dungeon)
 o - a +0 large shield
   (You found it on level 2 of the Dungeon)
 r - a +1 robe of resistance (worn)
   (You took it off an orc wizard on level 4 of the Dungeon)
Jewellery
 d - a ring of poison resistance (left hand)
   (You found it on level 1 of the Dungeon)
 t - a ring of positive energy (right hand)
   (You found it on level 2 of the Dungeon)
 B - an amulet of the gourmand (around neck)
   (You found it on level 4 of the Dungeon)
Scrolls
 e - 7 scrolls of teleportation {unknown}
 h - 7 scrolls of identify
 m - 5 scrolls of remove curse
Potions
 i - a potion of magic {unknown}
 j - a potion of lignification {unknown}
 n - 4 potions of curing {unknown}
 p - 2 potions of brilliance {unknown}
 u - 3 potions of mutation {unknown}
 v - a potion of ambrosia {unknown}
 w - a potion of flight {unknown}
Books
 b - a book of Necromancy

   Spells                             Type                      Level
   a - Pain                           Necromancy                   1
   b - Animate Skeleton               Necromancy                   1
   c - Vampiric Draining              Necromancy                   3
   d - Regeneration                   Charms/Necromancy            3
   e - Animate Dead                   Necromancy                   4
   f - Control Undead                 Necromancy                   4
Comestibles
 c - 2 bread rations
 k - 3 royal jellies
 z - 2 meat rations


   Skills:
 - Level 2.1 Dodging
 - Level 2.4 Stealth
 + Level 4.1 Spellcasting
 * Level 8.0 Necromancy


You had 5 spell levels left.
You knew the following spells:

 Your Spells              Type           Power        Failure   Level  Hunger
a - Pain                  Necr           ####         1%          1    None
b - Animate Skeleton      Necr           N/A          1%          1    None
c - Vampiric Draining     Necr           ####......   1%          3    ###....
d - Animate Dead          Necr           N/A          5%          4    ####...


Dungeon Overview and Level Annotations

Branches:
Dungeon (4/15)
 Temple: D:4-7

Altars:
Fedhas
Trog
Vehumet

Annotations:
D:4 THUG4L1F3's ghost, amateur VSSu


Innate Abilities, Weirdness & Mutations

You are resistant to damage.
You can heal yourself by infusing magical energy.
You passively map a small area around you.
You do not regenerate.


Message History

The river rat closely misses you.
The crimson imp blinks!
The orc wizard closely misses you.
You hit the orc wizard.
The orc wizard looks as sick as possible!
The orc wizard is severely wounded.
The river rat closely misses you.
The orc wizard points at you and mumbles some strange words.
The puff of flame misses you.
The puff of flame hits the river rat.
You closely miss the orc wizard.
The orc wizard is almost dead.
You kill the orc wizard!
Your Necromancy skill increases to level 8!
The river rat twitches its whiskers.
The river rat misses you.
The crimson imp hits you but does no damage.
Things that are here:
a dagger; a robe; an orc corpse The crimson imp grinds its teeth.
A jackal comes into view.
The jackal moves out of view. 2 jackals come into view.
The jackal barks!
As you read the scroll labeled BOHAOCI SYIZA, it crumbles to dust.
The creatures around you are filled with an inner flame!
It was a scroll of immolation.
The river rat closely misses you.
Okay, then.
As you read the scroll labeled OFYURU PIEVUOVVUSH, it crumbles to dust.
It is a scroll of enchant weapon.
Your +2 short sword of venom glows red for a moment.
The river rat closely misses you. The jackal barely misses you.
Blink to where?
Press: ? - help, Dir - move target cursor You are very lightly contaminated with residual magic.
As you read the scroll labeled OSUOCHY POFAPPI, it crumbles to dust.
It was a scroll of blinking.
The jackal barks!
The jackal bites you but does no damage.
The jackal barely misses you.
There is a stone staircase leading up here.
The jackal closely misses you.
You climb upwards.
There is a stone staircase leading down here.
Casting: Vampiric Draining
Confirm with . or Enter, or press ? or * to list all spells.
Aiming: Vampiric Draining
Press: ? - help, Shift-Dir - straight line, f - jackal
Aim: a jackal (inner flame)
The jackal explodes!
The fiery explosion engulfs you! You resist.
You die...

.≈#≈≈≈≈≈##..### #.##
.§##⌠#⌠###....### ###.#
§≈≈######...#...# ##...#
..............#.## #..###
###########.#.#..#### #.######
#.#.......# #.# #...
#.#....§..### #.# #÷##
#.#..§§§....####.# #.#
####....§@§.........###.#
###......).............#..#
###.....##.......###.......##
##........#.......###...#....##
#<.#..................###..#[..
#.#########........#### ##.##..
#..#######......>...## #.##..
##..........#........## #>....
#####..###...........# ###...


There were no monsters in sight!

Vanquished Creatures
  A bullfrog (D:3)
  A scorpion (D:4)
  An orc priest (D:4)
  A bullfrog skeleton (D:4)
  5 orc wizards (D:4)
  2 worker ants (D:4)
  12 adders
  An ooze (D:1)
  A worm (D:3)
  4 dart slugs
  A leopard gecko (D:1)
  13 orcs
  5 bats
  2 giant cockroaches
  6 goblins
  11 hobgoblins
  13 jackals
  A quokka (D:3)
  7 frilled lizards
  A jackal skeleton (D:4)
  4 kobolds
  5 rats
98 creatures vanquished.

Vanquished Creatures (collateral kills)
  An adder (D:3)
  A worm (D:3)
  2 orcs (D:3)
  A bat (D:3)
  A goblin (D:3)
  A hobgoblin (D:3)
  A frilled lizard (D:3)
8 creatures vanquished.

Vanquished Creatures (others)
  A rat (D:2)
1 creature vanquished.

Grand Total: 107 creatures vanquished

Notes
Turn   | Place    | Note
-------+----------+-------------------------------------------
     0 | D:1      | Chaoticas the Deep Dwarf Necromancer began the quest for the Orb.
     0 | D:1      | Reached XP level 1. HP: 15/15 MP: 3/3
    12 | D:1      | Learned a level 1 spell: Animate Skeleton
   298 | D:1      | Reached skill level 2 in Spellcasting
   298 | D:1      | Reached XP level 2. HP: 20/22 MP: 0/5
   892 | D:1      | Reached skill level 5 in Necromancy
  1285 | D:2      | Reached XP level 3. HP: 23/28 MP: 0/6
  2144 | D:2      | Learned a level 3 spell: Vampiric Draining
  2296 | D:2      | Reached XP level 4. HP: 35/36 MP: 1/7
  2384 | D:2      | Found a blossoming altar of Fedhas.
  3170 | D:3      | Noticed a bullfrog
  3276 | D:3      | Killed a bullfrog
  3276 | D:3      | Reached skill level 3 in Spellcasting
  3276 | D:3      | Reached skill level 6 in Necromancy
  3276 | D:3      | Reached XP level 5. HP: 34/42 MP: 2/9
  3282 | D:3      | Learned a level 4 spell: Animate Dead
  3954 | D:3      | Found a radiant altar of Vehumet.
  4268 | D:3      | Found a bloodstained altar of Trog.
  4575 | D:4      | Reached skill level 7 in Necromancy
  4575 | D:4      | Reached XP level 6. HP: 36/49 MP: 4/11
  5628 | D:4      | HP: 21/49 [orc wizard/puff of flame (5)]
  5631 | D:4      | Reached skill level 4 in Spellcasting
  5635 | D:4      | Reached XP level 7. HP: 18/55 MP: 9/13
  5761 | D:4      | Noticed THUG4L1F3's ghost (amateur VSSu)
  5761 | D:4      | THUG4L1F3's ghost turns its malevolent gaze towards you.
  5810 | D:4      | HP: 23/55 [orc wizard/dagger (1)]
  5815 | D:4      | HP: 24/55 [river rat[THUG4L1F3's ghost] (3)]
  5824 | D:4      | HP: 11/55 [river rat[THUG4L1F3's ghost] (3)]
  5829 | D:4      | Reached skill level 8 in Necromancy
  5854 | D:3      | Killed from afar by a jackal

Vault maps used:
D:1:      scummos_arrival_hexagon, hex_medium
D:2:      nicolae_overflow_hidden_temple, first_bread, kennysheep_generic_room_2
D:3:      lightli_temple_of_fire, fiery_altar_vehumet, minmay_close_crescents
D:4:      minmay_temple_entry_from_below_a, uniq_blork_the_orc, uniq_ijyb

Skill      XL: |  1  2  3  4  5  6  7 |
---------------+----------------------+-----
Spellcasting   | 2 3 4 |  4.1
Necromancy     | 5 6 7 8 |  8.0
Dodging        | |  2.1
Stealth        | |  2.4

Action                   |  1- 3 |  4- 6 |  7- 9 || total
-------------------------+-------+-------+-------++-------
Melee: Unarmed           |     2 |       |       ||     2
       Short sword       |    19 |    79 |    14 ||   112
 Cast: Pain              |    51 |    74 |       ||   125
       Animate Skeleton  |     1 |       |       ||     1
       Vampiric Draining |     2 |    26 |     5 ||    33
       Animate Dead      |       |     6 |     1 ||     7
  Use: Scroll            |       |     3 |     3 ||     6
 Stab: Sleeping          |     1 |     1 |       ||     2
       Distracted        |       |     1 |       ||     1
  Eat: Chunk             |     5 |    11 |       ||    16
       Bread ration      |       |     1 |       ||     1
Armor: Robe              |    17 |    22 |     6 ||    45
Dodge: Dodged            |    26 |    79 |    27 ||   132
